 Dungeon Crawl Stone Soup version 0.30-a0-852-g08b95dd62f (webtiles) character file.

Game seed: 3711661926939132463

4694 avis the Skirmisher (level 10, -13/81 HPs)
             Began as a Demigod Ice Elementalist on Mar 4, 2023.
             Mangled by Amaemon
             ... wielding a -2 demon whip of venom
              (18 damage)
             ... on level 8 of the Dungeon.
             The game lasted 01:01:43 (10690 turns).

avis the Skirmisher (Demigod Ice Elementalist)     Turns: 10690, Time: 01:01:44

Health: -13/81     AC: 12    Str:  9    XL:     10   Next: 2%
Magic:  11/17      EV: 15    Int: 17    God:
Gold:   220        SH:  0    Dex: 26    Spells: 8/15 levels left

rFire   . . .      SeeInvis .    a - +2 scimitar (holy)
rCold   . . .      Faith    .    (no shield)
rNeg    . . .      Spirit   .    r - +2 leather armour of the Harp {Stlth+}
rPois   .          Reflect  .    u - +0 helmet
rElec   .          Rampage  .    t - scarf {+Inv}
rCorr   .                        d - +0 pair of gloves
Will    +....                    I - +0 pair of boots
Stlth   ++++                     (no amulet)
HPRegen 0.33/turn                (no ring)
MPRegen 0.15/turn                (no ring)

@: lethally poisoned (-13 -> -36), ice-armoured
A: high MP 1, forlorn, divine attributes
a: Evoke Invisibility


You were on level 8 of the Dungeon.
You visited 2 branches of the dungeon, and saw 9 of its levels.

You collected 514 gold pieces.
You spent 294 gold pieces at shops.

Inventory:

Hand Weapons
 a - a +2 scimitar of holy wrath (weapon)
 b - a +0 shortbow
 e - a +4 short sword of freezing
 j - a +0 sling
 l - a +1 halberd
 w - the +7 mace of Resourcefulness {venom, rElec Will+}
   (You found it on level 6 of the Dungeon)

   rElec:     It insulates you from electricity.
   Will:      It increases your willpower.
 x - a +2 flail
 z - a +1 short sword of draining
 J - a +0 whip of flaming
 K - a +1 flail of protection
Missiles
 p - 3 boomerangs
 q - a throwing net
 s - 16 poisoned darts
Armour
 d - a +0 pair of gloves (worn)
 r - the +2 leather armour of the Harp (worn) {Stlth+}
   (You found it on level 8 of the Dungeon)

   Stlth:     It makes you more stealthy.
 t - a scarf of invisibility (worn)
 u - a +0 helmet (worn)
 I - a +0 pair of boots (worn)
 O - a +2 robe of positive energy
Wands
 m - a wand of mindburst (16)
 C - a wand of roots (10)
 D - a wand of digging (4)
 G - a wand of flame (35)
Scrolls
 c - 2 scrolls of magic mapping {unknown}
 g - 5 scrolls of teleportation {unknown}
 h - 2 scrolls of fog {unknown}
 i - 4 scrolls of immolation {unknown}
 o - a scroll of silence {unknown}
 v - a scroll of enchant weapon {unknown}
 y - a scroll of acquirement {unknown}
 B - 2 scrolls of fear {unknown}
 E - a scroll of vulnerability {unknown}
 H - a scroll of enchant armour {unknown}
 L - a scroll of blinking {unknown}
Potions
 f - a potion of flight
 k - a potion of magic
 n - a potion of cancellation
 A - 3 potions of resistance
 F - a potion of brilliance


   Skills:
 - Level 5.0 Fighting
 - Level 10.0 Ranged Weapons
 - Level 5.0 Dodging
 * Level 4.0 Stealth
 - Level 3.0 Spellcasting
 - Level 6.0 Ice Magic


You had 8 spell levels left.
You knew the following spells:

 Your Spells              Type           Power      Damage    Failure   Level
a - Freeze                Ice            88%        1d9       1%          1
o - Ozocubu's Armour      Ice            22%        N/A       6%          3
r - Frozen Ramparts       Ice            44%        1d7       6%          3

Your spell library contained the following spells:

 Spells                   Type           Power      Damage    Failure   Level
 Magic Dart               Conj           8%         1d3       24%         1
 Sting                    Tmut/Pois      8%         1d3       24%         1
 Poisonous Vapours        Pois/Air       4%         N/A       36%         2
 Scorch                   Fire           4%         2d5       36%         2
 Searing Ray              Conj           4%         2d4       36%         2
 Summon Ice Beast         Ice/Summ       12%        N/A       56%         4
 Call Canine Familiar     Summ           2%         N/A       58%         3
 Portal Projectile        Hex/Tloc       4%         N/A       58%         3
 Airstrike                Air            1%         2d(1-17)  94%         4
 Flame Wave               Conj/Fire      2%         2d4       94%         4
 Fulminant Prism          Conj/Hex       1%         3d5       94%         4
 Leda's Liquefaction      Hex/Erth       1%         N/A       94%         4
 Olgreb's Toxic Radiance  Pois           2%         N/A       94%         4
 Summon Lightning Spire   Summ/Air       2%         N/A       94%         4
 Lightning Bolt           Conj/Air       1%         1d12      100%        5
 Summon Cactus Giant      Summ           1%         N/A       100%        6


Dungeon Overview and Level Annotations

Branches:
Dungeon (8/15)             Temple (1/1) D:6            Lair (0/5) D:8

Shops:
D:1 !

Annotations:
D:3 3 runed translucent doors, elongatedgoose's ghost, amateur MfGl
D:7 exclusion: ice statue
D:8 Amaemon


Innate Abilities, Weirdness & Mutations

You have an increased reservoir of magic. (+10% MP)
You shall have no god before yourself.
Your divine heritage dramatically boosts your attributes as you level up.


Message History

The scorpion closely misses you.
You slash Amaemon!
Amaemon convulses!
Amaemon is heavily wounded.
You feel very sick.
The wall freezes the scorpion but does no damage.
The scorpion barely misses you.
The wall freezes Amaemon.
Amaemon hits you with a -2 demon whip of venom!
You are more poisoned.
Amaemon claws you. Amaemon barely misses you.
The wall freezes the scorpion but does no damage.
The scorpion stings you but does no damage.
The wall freezes Amaemon.
Amaemon barely misses you. Amaemon claws you. Amaemon closely misses you.
You closely miss Amaemon. You punch Amaemon, but do no damage.
Amaemon is heavily wounded.
You feel extremely sick.
The wall freezes the scorpion.
The scorpion closely misses you.
The wall freezes Amaemon.
Amaemon barely misses you. Amaemon claws you. Amaemon misses you.
You slash Amaemon!
Amaemon convulses!
Amaemon is almost dead.
The frozen ramparts melt away.
You feel very sick.
The scorpion stings you but does no damage.
Amaemon closely misses you. Amaemon barely misses you.
Amaemon tail-slaps you but does no damage.
The scorpion stings you but does no damage.
You barely miss Amaemon.
Amaemon is almost dead.
You feel very sick.
Amaemon hits you with a -2 demon whip of venom!
* * * LOW HITPOINT WARNING * * *
Amaemon barely misses you.
Amaemon tail-slaps you but does no damage.
The scorpion stings you.
* * * LOW HITPOINT WARNING * * *
You are more poisoned.
The scorpion poisons you!
Amaemon hits you with a -2 demon whip of venom!!
You die...

#.# #.....)#.####...###......
#.# #.......................#
#.# #...####.##...#######...#
#.# #.......................#
#.####.#.#.........#####.#...#
#......#.####.##...#####.#...#
######.#.......'...'.........#
##########s###...#..........
#..........@6'...'..........
#.########.###...#..........
#.# #......<....'..........
#.# ##.###.######.......#..
#.# #.###.# ###.#####.. #.#
#.....# ######.# #.. #.#
######### #......# #..
#.###....######.##########..
#...+.>..................+..


You could see Amaemon (strong) and a scorpion (summoned).

Vanquished Creatures
  Pikel (D:5)
  An orange demon (D:8)
  6 yaks
  3 wargs (D:8)
  Duvessa (D:4)
  4 water moccasins
  4 ice beasts
  An orc warrior (D:7)
  A black bear (D:6)
  A sky beast (D:8)
  2 centaurs (D:8)
  3 lemures (D:5)
  A kobold brigand (D:8)
  Blork the orc (D:5)
  A bullfrog (D:8)
  2 scorpions
  6 wights
  Dowan (D:4)
  3 killer bees
  A howler monkey (D:8)
  2 jellies (D:4)
  A hound (D:4)
  3 orc priests
  A gnoll bouda (D:4)
  Terence (D:2)
  2 iguanas (D:6)
  3 orc wizards (D:8)
  7 gnolls
  10 adders
  2 river rats (D:5)
  A worm (D:2)
  3 dart slugs
  19 orcs
  5 bats
  5 endoplasms
  4 giant cockroaches
  7 goblins
  7 hobgoblins
  9 jackals
  3 quokkas
  13 ball pythons
  4 frilled lizards
  13 kobolds
  7 rats
  A spectral kobold (D:3)
177 creatures vanquished.

Notes
Turn   | Place    | Note
-------+----------+-------------------------------------------
     0 | D:1      | avis the Demigod Ice Elementalist began the quest for the
                  | Orb.
     0 | D:1      | Reached XP level 1. HP: 14/14 MP: 5/5
   159 | D:1      | Found Ymejeamu's Distillery.
   275 | D:1      | Reached XP level 2. HP: 20/20 MP: 5/7
  1241 | D:2      | HP: 1/20 [frozen (5)]
  1337 | D:2      | Reached XP level 3. HP: 27/27 MP: 4/9
  1406 | D:2      | Learned a level 3 spell: Frozen Ramparts
  1410 | D:2      | Learned a level 3 spell: Ozocubu's Armour
  1492 | D:2      | Reached skill level 1 in Fighting
  1581 | D:2      | Noticed Terence
  1608 | D:2      | Killed Terence
  1609 | D:2      | Reached skill level 1 in Ranged Weapons
  1978 | D:2      | Reached skill level 2 in Ranged Weapons
  1978 | D:2      | Reached XP level 4. HP: 31/35 MP: 3/10
  3143 | D:3      | Found a runed translucent gate.
  3143 | D:3      | Found a runed translucent gate.
  3143 | D:3      | Found a runed translucent gate.
  3144 | D:3      | Noticed elongatedgoose's ghost (amateur MfGl)
  4068 | D:3      | Reached XP level 5. HP: 40/40 MP: 8/11
  4288 | D:4      | Reached skill level 5 in Ice Magic
  4715 | D:4      | Reached XP level 6. HP: 41/48 MP: 4/13
  4835 | D:4      | Noticed Duvessa
  4854 | D:4      | Noticed Dowan
  4876 | D:4      | Killed Duvessa
  4877 | D:4      | Reached skill level 3 in Ranged Weapons
  4877 | D:4      | Killed Dowan
  4878 | D:4      | Reached skill level 4 in Ranged Weapons
  5159 | D:5      | Entered Level 5 of the Dungeon
  5411 | D:5      | Reached XP level 7. HP: 57/57 MP: 6/14
  5574 | D:5      | Noticed Blork the orc
  5586 | D:5      | Killed Blork the orc
  5676 | D:5      | Noticed Pikel
  5698 | D:5      | Killed Pikel
  5699 | D:5      | Reached skill level 6 in Ranged Weapons
  5865 | D:5      | Reached XP level 8. HP: 63/63 MP: 9/15
  6475 | D:6      | Identified the +7 mace of Resourcefulness {venom, rElec
                  | Will+}
  6615 | D:6      | Found a staircase to the Ecumenical Temple.
  6668 | Temple   | Entered the Ecumenical Temple
  7658 | D:6      | Reached skill level 7 in Ranged Weapons
  7799 | D:1      | Bought a potion of heal wounds for 70 gold pieces
  7799 | D:1      | Bought a potion of cancellation for 112 gold pieces
  7799 | D:1      | Bought a potion of mutation for 112 gold pieces
  8103 | D:7      | Reached skill level 8 in Ranged Weapons
  8103 | D:7      | Reached XP level 9. HP: 49/71 MP: 7/16
  8373 | D:7      | Noticed an ice statue
  8641 | D:7      | Reached skill level 5 in Fighting
  8977 | Temple   | Upgraded the game from 0.30-a0-847-g17996783a1 to
                  | 0.30-a0-852-g08b95dd62f
  9134 | D:8      | Reached skill level 9 in Ranged Weapons
  9517 | D:8      | Identified the +2 leather armour of the Harp {Stlth+}
  9881 | D:8      | Noticed an orange demon
  9907 | D:8      | Killed an orange demon
  9933 | D:8      | Reached skill level 10 in Ranged Weapons
 10192 | D:8      | Found a staircase to the Lair.
 10444 | D:8      | Reached XP level 10. HP: 81/81 MP: 13/17
 10448 | D:8      | Reached skill level 5 in Dodging
 10654 | D:8      | Noticed Amaemon
 10690 | D:8      | Mangled by Amaemon

Illustrated notes

Levels and vault maps discovered:
D:1:      dpeg_arrival_renting, layout_basic, serial_shops,
          nicolae_shop_behind_doors
D:2:      layout_loops_ring, basic_altar, uniq_terence
D:3:      layout_loops_corners, dreamdust_ecumenical_altar_drowned_temple,
          ebering_ghost_gozag, minmay_misc_feat_rugged
D:4:      layout_rooms, nzn_hepliaklqana_mist_gate,
          eino_small_chamber_without_monster, kennysheep_windowed_goal,
          uniq_duvessa
D:5:      layout_gridville, nicolae_overflow_crystal_walls,
          portal_sewer_entry_e, uniq_pikel, uniq_blork_the_orc
D:6:      layout_loops_ring, mainiacjoe_overflow_tiny_flanked,
          mainiacjoe_overflow_24_doors, minmay_temple_entry_arrows,
          minmay_curled_crystal
D:7:      lemuel_ice_statue, layout_basic, gammafunk_temple_overflow_claw,
          minivault_5
D:8:      layout_basic, erik_lair_orcish_takeover, uniq_amaemon
Temple:   zaba_magenta_temple

Skill      XL: |  1  2  3  4  5  6  7  8  9 10 |
---------------+-------------------------------+-----
Ice Magic      | 4 5 6 |  6.0
Spellcasting   | 2 3 |  3.0
Fighting       | 1 2 3 4 5 |  5.0
Ranged Weapons | 2 4 6 8 10 | 10.0
Dodging        | 2 3 4 5 |  5.0
Stealth        | 2 3 4 |  4.0

Action                     |  1- 3 |  4- 6 |  7- 9 | 10-12 || total
---------------------------+-------+-------+-------+-------++-------
  Melee: Short sword       |     6 |       |       |       ||     6
         Whip              |     6 |     8 |    13 |       ||    27
         Mace              |       |       |    33 |       ||    33
         Punch             |       |       |     1 |     1 ||     2
         Scimitar          |       |       |    19 |     4 ||    23
   Fire: Sling             |    21 |   147 |   163 |       ||   331
         Shortbow          |       |       |    83 |    22 ||   105
   Cast: Freeze            |    50 |    12 |    12 |       ||    74
         Frozen Ramparts   |     5 |    27 |    29 |     4 ||    65
         Ozocubu's Armour  |       |     9 |    26 |     2 ||    37
    Use: Potion            |     2 |       |     6 |       ||     8
         Scroll            |       |       |     7 |       ||     7
   Stab: Sleeping          |     1 |       |       |       ||     1
 Armour: Robe              |    13 |    31 |    62 |       ||   106
         Leather armour    |       |       |    29 |    10 ||    39
  Dodge: Dodged            |    42 |    49 |   173 |    27 ||   291

Table legend: (Time is in decaauts)
 A = Elapsed time spent in this place.
 B = Non-inter-level travel time spent in this place.
 C = Inter-level travel time spent in this place.
 D = Time resting spent in this place.
 E = Time spent auto-exploring this place.
 F = Levels seen in this place.
 G = Mean time per level.
                   A        B        C        D        E       F      G
               +--------+--------+--------+--------+--------+-----+--------+
         Total |  10811 |   9738 |   1073 |   3417 |   4129 |   9 | 1201.2 |
       Dungeon |  10633 |   9563 |   1070 |   3293 |   4129 |   8 | 1329.1 |
        Temple |    178 |    175 |      3 |    124 |      0 |   1 |  178.0 |
               +--------+--------+--------+--------+--------+-----+--------+

Top non-repeatable levels by time:
     D:2: 1666 daAuts
     D:3: 1617 daAuts
     D:8: 1396 daAuts
     D:5: 1375 daAuts
     D:7: 1309 daAuts
     D:1: 1235 daAuts
     D:6: 1172 daAuts
     D:4: 860 daAuts
  Temple: 178 daAuts
